Map: Deathaura LE

Players

rottenorange

  • Race: Zerg Zerg
  • League: Bronze
  • Spawn Location: 5:00

itsDani - Winner!

  • Race: Protoss Protoss
  • League: Platinum
  • Spawn Location: 11:00

VOD

Have the link to the VOD?

Description

Time

  • Played on: Oct. 8, 2020, 4:39 p.m.
  • Length: 7:40
Show
View Real Time Build Order
Export as new Build Order

rottenorange Zerg 

Build Orders: Hatch First 

Get SALT Encoding   

  12  0:01  Drone  
  13  0:13  Overlord  
  13  0:18  Drone  
  14  0:32  Drone x2  
  16  0:40  Drone  
  17  0:54  Hatchery  
  16  0:58  Drone  
  16  1:00  Drone  
  18  1:09  Drone  
  19  1:23  Extractor  
  18  1:26  Spawning Pool  
  18  1:30  Drone  
  18  1:31  Drone  
  19  1:45  Drone  
  20  1:55  Overlord  
  20  2:05  Drone  
  21  2:12  Drone  
  21  2:15  Queen  
  22  2:16  Queen  
  22  2:21  Zergling x4  
  28  2:24  Metabolic Boost  
  28  2:37  Drone x2  
  28  2:38  Drone  
  31  2:51  Queen x2  
  31  2:52  Overlord x2  
  35  3:13  Zergling x6  
  35  3:14  Zergling x4  
  40  3:27  Queen  
  40  3:28  Spore Crawler  
  41  3:46  Spore Crawler  
  40  3:56  Evolution Chamber  
  40  3:58  Evolution Chamber, Drone x2  
  40  3:59  Drone x7  
  49  4:06  Drone  
  49  4:07  Drone x2  
  49  4:08  Overlord  
  52  4:16  Lair  
  52  4:17  Queen  
  52  4:25  Zerg Missile Weapons Level 1  
  52  4:36  Roach Warren  
  51  4:45  Extractor  
  51  4:49  Overlord  
  51  4:52  Queen  
  50  4:54  Drone  
  50  4:55  Drone x7  
  60  5:18  Glial Reconstitution  
  60  5:21  Overlord x5  
  60  5:27  Overseer  
  60  5:29  Overseer  
  60  5:31  Overseer  
  60  5:43  Spine Crawler  
  60  5:46  Spine Crawler  
  58  5:55  Spore Crawler  
  57  6:03  Drone x6  
  63  6:04  Extractor  
  63  6:06  Extractor  
  63  6:09  Roach x5  
  63  6:10  Roach x2  
  75  6:20  Spine Crawler  
  74  6:31  Spine Crawler  
  74  6:32  Spawning Pool  
  72  6:38  Spine Crawler  
  73  6:41  Spore Crawler  
  72  6:58  Hydralisk Den  
  65  7:02  Zergling x2  
  65  7:03  Zergling x24  
Show
View Real Time Build Order
Export as new Build Order

itsDani Protoss - Winner!

Build Orders: 1 Gate Expand 

Get SALT Encoding   

  12  0:00  Probe  
  13  0:12  Probe  
  14  0:22  Pylon  
  14  0:25  Probe  
  15  0:40  Probe  
  16  0:48  Assimilator  
  16  0:50  Gateway  
  16  0:59  Pylon  
  16  1:01  Probe (Chrono Boost)  
  18  1:12  Probe (Chrono Boost)  
  18  1:16  Probe (Chrono Boost)  
  19  1:27  Probe  
  20  1:32  Nexus  
  20  1:48  Cybernetics Core  
  20  1:52  Probe  
  21  2:04  Probe  
  22  2:17  Probe  
  23  2:24  Adept  
  25  2:30  Robotics Facility  
  25  2:32  Gateway  
  25  2:35  Probe  
  26  2:46  Probe (Chrono Boost)  
  26  2:47  Pylon  
  28  2:53  Probe (Chrono Boost)  
  28  2:54  Adept  
  28  2:56  Probe (Chrono Boost)  
  31  3:02  Probe  
  31  3:04  Probe  
  33  3:08  Assimilator  
  33  3:16  Probe  
  33  3:17  Warp Gate (Chrono Boost), Probe  
  35  3:20  Immortal  
  35  3:27  Adept  
  41  3:31  Assimilator  
  41  3:32  Assimilator, Probe x2 (Chrono Boost)  
  45  3:43  Probe x2 (Chrono Boost)  
  45  3:44  Pylon  
  45  3:53  Probe  
  45  3:54  Probe  
  47  4:00  Immortal  
  47  4:01  Stalker  
  53  4:13  Probe (Chrono Boost)  
  55  4:18  Probe (Chrono Boost)  
  55  4:23  Probe (Chrono Boost)  
  56  4:25  Gateway  
  56  4:29  Gateway  
  56  4:32  Gateway  
  56  4:36  Gateway  
  56  4:39  Probe  
  56  4:42  Immortal  
  61  4:47  Pylon  
  61  4:49  Pylon  
  61  5:07  Sentry  
  61  5:08  Sentry  
  65  5:18  Immortal (Chrono Boost), Pylon  
  65  5:19  Pylon  
  65  5:20  Probe x2  
  71  5:29  Sentry  
  71  5:30  Sentry x2  
  77  5:37  Forge  
  77  5:39  Probe  
  77  5:40  Probe  
  79  5:50  Immortal  
  79  5:51  Probe  
  79  5:54  Sentry  
  79  5:57  Stalker x2  
  88  5:58  Stalker  
  88  5:59  Stalker  
  94  6:34  Pylon  
  94  6:42  Pylon  
  94  6:43  Pylon  
  94  6:45  Pylon  
  94  6:47  Pylon  
  94  6:48  Pylon  
  94  6:50  Pylon  
  94  6:52  Warp Prism  
  84  7:33  Zealot x6  
Tags
 
Add a new tag
Caveats
  • Supply blocks, unpowered buildings, or Contaminate may cause inaccurate times.
  • Supply counts are checked every 10 seconds.